 Dungeon Crawl Stone Soup version 0.29.0-5-ge4962eb29e (webtiles) character file.

Game seed: 8025681041946181230

597 Arum the Covered (level 7, 0/57 HPs)
             Began as a Formicid Fighter on Aug 29, 2022.
             Was an Initiate of Qazlal.
             Slain by Duvessa
             ... wielding a +0 rapier
              (5 damage)
             ... on level 4 of the Dungeon.
             The game lasted 00:05:57 (4230 turns).

Arum the Covered (Formicid Fighter)                 Turns: 4230, Time: 00:05:57

Health: 0/57       AC:  7    Str: 26 (28) XL:     7   Next: 68%
Magic:  7/7        EV:  9    Int:  5 (8)  God:    Qazlal [......]
Gold:   47         SH:  5    Dex: 16 (19) Spells: 6/6 levels left

rFire   . . .      SeeInvis +   a - +0 quarterstaff
rCold   . . .      Faith    .   c - +0 buckler
rNeg    . . .      Spirit   .   b - +0 scale mail
rPois   .          Reflect  .   (helmet unavailable)
rElec   .          Harm     .   (no cloak)
rCorr   .          Rampage  .   (no gloves)
Will    .....                   (no boots)
Stlth   ..........              (no amulet)
HPRegen 0.19/turn               u - +6 ring of strength
MPRegen 0.10/turn               v - +6 ring of dexterity

@: lit by a corona, glowing
A: permanent stasis, dig shafts and tunnels, antennae 3, four strong arms
a: Dig, Shaft Self, Renounce Religion


You were on level 4 of the Dungeon.
You worshipped Qazlal.
Qazlal was noncommittal.
You visited 1 branch of the dungeon, and saw 4 of its levels.

You collected 157 gold pieces.
You spent 110 gold pieces at shops.

Inventory:

Hand Weapons
 a - a +0 quarterstaff (weapon)
 r - the +10 short sword of the Maze {holy, rN+++ rCorr Int+3 Dex-4}
   (You found it on level 2 of the Dungeon)

   It has been blessed by the Shining One to cause great damage to the undead
   and demons.
   Int:       It affects your intelligence (+3).
   Dex:       It affects your dexterity (-4).
   rN:        It renders you almost immune to negative energy.
   rCorr:     It protects you from acid and corrosion.
Armour
 b - a +0 scale mail (worn)
 c - a +0 buckler (worn)
Jewellery
 u - a +6 ring of strength (left hand)
 v - a +6 ring of dexterity (right hand)
Wands
 l - a wand of flame (11)
 x - a wand of light (1)
Scrolls
 f - 2 scrolls of fear
 h - 2 scrolls of noise {unknown}
 i - a scroll of immolation {unknown}
 j - a scroll of enchant weapon {unknown}
 m - 2 scrolls of enchant armour {unknown}
 n - 2 scrolls of teleportation {unknown}
 p - 2 scrolls of blinking {unknown}
 t - a scroll of magic mapping {unknown}
Potions
 d - a potion of might
 e - 2 potions of mutation
 g - 2 potions of invisibility
 k - a potion of brilliance
 q - a potion of magic
 s - a potion of curing
 w - 2 potions of berserk rage {unknown}


   Skills:
 + Level 5.9 Fighting
 + Level 4.8 Staves
 + Level 5.9 Armour
 - Level 4.0 Shields


You had 6 spell levels left.
You didn't know any spells.
Your spell library contained the following spells:

 Spells                   Type           Power      Damage    Failure   Level
 Magic Dart               Conj           0%         1d3       80%         1
 Call Imp                 Summ           0%         N/A       91%         2
 Mephitic Cloud           Conj/Pois/Air  0%         N/A       99%         3
 Fulminant Prism          Conj/Hex       0%         3d6       100%        4
 Iskenderun's Mystic Bla  Conj/Tloc      0%         2d3       100%        4
 Lee's Rapid Deconstruct  Erth           0%         3d5*      100%        5


Dungeon Overview and Level Annotations

Branches:
Dungeon (4/15)
 Temple: D:4-7

Altars:
Dithmenos
Elyvilon
Qazlal

Shops:
D:3 (((?

Annotations:
D:4 Dowan, Duvessa


Innate Abilities, Weirdness & Mutations

You cannot be hasted, slowed, berserked, paralysed or teleported.
You can dig through walls and to a lower floor.
You have a pair of large antennae on your head. (SInv)
Your four strong arms can wield two-handed weapons with a shield.


Message History

Duvessa attacks as you move away! Duvessa hits you but does no damage.
Dowan gestures at you while chanting.
You are outlined in light.
Duvessa attacks as you move away! Duvessa hits you with a +0 rapier.
Dowan mumbles some strange words.
Dowan blinks!
Duvessa attacks as you move away! You block Duvessa's attack.
Duvessa attacks as you move away! You block Duvessa's attack.
Dowan gestures at Duvessa while chanting.
Duvessa seems to speed up.
Duvessa zaps a wand.
The puff of flame hits you!
Duvessa says, "Where magic fails, the sword succeeds!"
Duvessa hits you but does no damage.
Dowan gestures wildly while chanting.
Dowan blinks!
Duvessa zaps a wand.
The puff of flame hits you.
Duvessa zaps a wand.
You block the puff of flame.
Aiming: Bolt of Light
Press: ? - help, Shift-Dir - straight line, f - Duvessa
Aim: Duvessa, wielding a +0 rapier, wearing a +3 leather armour of fire resistance and carrying a wand of flame (13) (lightly wounded, fast, 75% to hit)
The bolt of light misses Duvessa.
The bolt of light hits Dowan!
Dowan is heavily wounded.
Dowan is blinded.
Duvessa zaps a wand.
The puff of flame misses you.
Aiming: Bolt of Light
Press: ? - help, Shift-Dir - straight line, f/p - Duvessa
Aim: Duvessa, wielding a +0 rapier, wearing a +3 leather armour of fire resistance and carrying a wand of flame (12) (lightly wounded, fast, 75% to hit)
The bolt of light misses Duvessa.
The bolt of light hits Dowan.
Dowan is severely wounded.
Duvessa zaps a wand.
The puff of flame hits you.
You sock Duvessa!
Duvessa is moderately wounded.
Duvessa hits you with a +0 rapier!
* * * LOW HITPOINT WARNING * * *
Duvessa hits you with a +0 rapier!
* * * LOW HITPOINT WARNING * * *
Unknown command.
It was a potion of degeneration.
There was something very wrong with that liquid.
You feel weakened.
You feel dopey.
You feel clumsy. Duvessa hits you with a +0 rapier.
You die...

###########
#.........#
#.#######@# #.#
#e# ###.#######e#
#...........###
#.#.##.......{...#
#.#.##.####.######
#...........#
#.....(.....#
#...........#


You could see Duvessa (fast) and Dowan (blind).

Vanquished Creatures
  Menkaure (D:4)
  Blork the orc (D:4)
  3 quasits (D:3)
  An orc priest (D:3)
  Natasha (thrice) (D:3)
  An iguana (D:4)
  2 orc wizards (D:3)
  The ghost of sentinel the Digger, a weakling MeEE (D:3)
  3 adders
  2 worms (D:2)
  3 dart slugs
  9 orcs (D:3)
  7 bats
  4 endoplasms
  3 giant cockroaches
  9 goblins
  5 hobgoblins
  12 jackals
  5 kobolds
  A quokka (D:1)
  5 ball pythons
  5 frilled lizards
  3 rats (D:1)
89 creatures vanquished.

Notes
Turn   | Place    | Note
-------+----------+-------------------------------------------
     0 | D:1      | Arum the Formicid Fighter began the quest for the Orb.
     0 | D:1      | Reached XP level 1. HP: 18/18 MP: 1/1
   193 | D:1      | Reached XP level 2. HP: 21/24 MP: 2/2
   670 | D:1      | Reached XP level 3. HP: 27/30 MP: 3/3
  1070 | D:2      | Found a white marble altar of Elyvilon.
  1167 | D:2      | Identified the +10 short sword of the Maze {holy, rN+++
                  | rCorr Int+3 Dex-4}
  1381 | D:2      | Found a faded altar of an unknown god.
  1385 | D:2      | Reached XP level 4. HP: 30/37 MP: 4/4
  1741 | D:3      | Noticed sentinel's ghost (weakling MeEE)
  1742 | D:3      | Found a transporter.
  1798 | D:3      | Found Bofangus's Weapon Emporium.
  2045 | D:3      | Noticed Natasha
  2051 | D:3      | Killed Natasha
  2052 | D:3      | Reached XP level 5. HP: 43/43 MP: 5/5
  2096 | D:3      | Found Mifaics's Antique Weapon Emporium.
  2121 | D:3      | Found a transporter.
  2168 | D:3      | Found Xeena's Weapon Emporium.
  2225 | D:3      | Noticed Natasha
  2237 | D:3      | Killed Natasha
  2597 | D:3      | Found a shadowy altar of Dithmenos.
  2640 | D:3      | Found Hevvui's Magic Scroll Emporium.
  2673 | D:3      | Reached XP level 6. HP: 17/49 MP: 6/6
  2930 | D:3      | Bought a scroll of identify for 22 gold pieces
  2930 | D:3      | Bought a scroll of fear for 44 gold pieces
  2930 | D:3      | Bought a scroll of identify for 22 gold pieces
  2930 | D:3      | Bought a scroll of identify for 22 gold pieces
  3167 | D:3      | Noticed Natasha
  3177 | D:3      | Killed Natasha
  3178 | D:3      | Reached skill level 5 in Armour
  3195 | D:3      | Reached skill level 5 in Fighting
  3211 | D:3      | Killed sentinel's ghost
  3212 | D:3      | Reached XP level 7. HP: 41/56 MP: 7/7
  3409 | D:4      | Found a stormy altar of Qazlal.
  3548 | D:4      | Became a worshipper of Qazlal Stormbringer
  3595 | D:4      | Noticed Menkaure
  3601 | D:4      | Killed Menkaure
  3775 | D:4      | Noticed Blork the orc
  3788 | D:4      | Killed Blork the orc
  4202 | D:4      | Noticed Duvessa
  4202 | D:4      | Noticed Dowan
  4230 | D:4      | Slain by Duvessa

Illustrated notes

Levels and vault maps discovered:
D:1:      lemuel_arrival_tunnels, layout_basic, serial_park_tiny_1
D:2:      layout_loops_ring, chequers_ecumenical_altar_simple, basic_altar
D:3:      layout_loops_cross, lemuel_doored_altar, gammafunk_ghost_stat_death,
          serial_shops, nicolae_square_shop, shop, shop,
          nicolae_shop_bloodbath_and_beyond, uniq_natasha
D:4:      layout_loops_ring, grunt_qazlal_clouds, roderic_batcave,
          guppyfry_early_lair_pool, uniq_blork_the_orc, uniq_menkaure,
          uniq_duvessa

Skill      XL: |  1  2  3  4  5  6 |
---------------+-------------------+-----
Armour         | 4 5 |  5.9
Fighting       | 4 5 |  5.9
Staves         | 3 4 |  4.8
Shields        | |  4.0

Action                   |  1- 3 |  4- 6 |  7- 9 || total
-------------------------+-------+-------+-------++-------
Melee: Quarterstaff      |    82 |   126 |    49 ||   257
       Short sword       |     7 |    13 |       ||    20
Evoke: Wand              |       |       |     2 ||     2
  Use: Scroll            |       |     6 |       ||     6
       Potion            |       |     1 |     1 ||     2
Armor: Scale mail        |    31 |    78 |    21 ||   130
Dodge: Dodged            |    35 |    71 |    25 ||   131
Block: Buckler           |    26 |    42 |    20 ||    88
